[Event "Czech Youth U14 Girls 2024"]
[Site "Kouty nad Desnou"]
[Date "2024.03.14"]
[Round "7.4"]
[White "Barteckova, Valerie"]
[Black "Barteckova, Nikol"]
[Result "0-1"]
[ECO "A46"]
[WhiteElo "1687"]
[BlackElo "1612"]
[Annotator "NA RC"]
[PlyCount "68"]
[EventDate "2024.03.10"]
[EventType "swiss"]
[EventCountry "CZE"]
[SourceTitle "playchess.com"]
[Source "ChessBase"]
[SourceQuality "1"]
[TimeControl "40/5400+30:1800+30"]

1. d4 Nf6 2. Nf3 c5 3. e3 d5 4. c3 Nc6 5. Bd3 e6 6. Nbd2 a6 7. O-O Bd6 8. Qe2 O-O 9. dxc5 Bxc5 10. e4 e5 11. Nb3 Ba7 12. Bg5 dxe4 13. Bxe4 Re8 14. Rad1 Qe7 15. h3 Bd7 16. Rfe1 Rad8 17. Bxc6 Bxc6 18. Rxd8 Rxd8 19. Qxe5 Qxe5 20. Rxe5 Rd1+ 21. Kh2 Bb8 22. Bxf6 gxf6 23. Nbd4 fxe5 24. Nxc6 bxc6 25. Nxe5 Bxe5+ 26. f4 Bxf4+ 27. g3 Rd2+ 28. Kh1 Bxg3 29. h4 f5 30. h5 f4 31. h6 f3 32. c4 f2 33. Kg2 Bh4 34. Kh1 f1=Q# 0-1

[Event "Czech Youth U14 Girls 2024"]
[Site "Kouty nad Desnou"]
[Date "2024.03.14"]
[Round "7.5"]
[White "Kubatova, Beta"]
[Black "Nguyen Nhat, Minh Thu"]
[Result "1-0"]
[ECO "D55"]
[WhiteElo "1666"]
[BlackElo "1563"]
[Annotator "NA RC"]
[PlyCount "139"]
[EventDate "2024.03.10"]
[EventType "swiss"]
[EventCountry "CZE"]
[SourceTitle "playchess.com"]
[Source "ChessBase"]
[SourceQuality "1"]
[TimeControl "40/5400+30:1800+30"]

1. d4 d5 2. c4 e6 3. Nc3 Nf6 4. Bg5 Be7 5. e3 O-O 6. Nf3 c6 7. Bd3 Nbd7 8. O-O b6 9. Qe2 Bb7 10. Rfd1 c5 11. Rac1 dxc4 12. Bxc4 cxd4 13. Nxd4 Nd5 14. Bxe7 Qxe7 15. Bxd5 exd5 16. a3 Nf6 17. b4 Rac8 18. Qb2 Qe5 19. Nf3 Qh5 20. Qe2 Qg6 21. Nd4 Rc4 22. f3 Rfc8 23. Qd2 Qg5 24. Nce2 Rxc1 25. Rxc1 Re8 26. Rc3 h6 27. Nf4 Qe5 28. Qc1 Re7 29. b5 Ne8 30. Nc6 Bxc6 31. bxc6 Rc7 32. Qd2 Nf6 33. Nd3 Qe8 34. Nb4 Qe6 35. Qc1 Qc8 36. Nd3 Qe6 37. Nf4 Qe8 38. Ne2 a6 39. Nd4 Qc8 40. Qb2 Qb8 41. a4 Ne8 42. Rb3 Nd6 43. Rxb6 Qe8 44. Rb8 Nc8 45. Kf2 Qe7 46. g3 Kh7 47. Rb7 Nd6 48. Qb1+ g6 49. Rb3 Nc4 50. Qc2 Na5 51. Rc3 Nc4 52. h4 f5 53. h5 Qf6 54. hxg6+ Kxg6 55. Kg2 Nxe3+ 56. Rxe3 Qxd4 57. Re6+ Kg7 58. Qxf5 Qd2+ 59. Kh3 Qg5 60. Qxg5+ hxg5 61. Rd6 Kf7 62. Rxd5 Rxc6 63. Rxg5 Kf6 64. f4 Re6 65. Kg4 Re4 66. a5 Re3 67. Rh5 Kg6 68. f5+ Kg7 69. Rg5+ Kf6 70. Rg6+ 1-0

[Event "Czech Youth U14 Girls 2024"]
[Site "Kouty nad Desnou"]
[Date "2024.03.14"]
[Round "7.6"]
[White "Kubatova, Ema"]
[Black "Bouchalova, Kveta"]
[Result "1/2-1/2"]
[ECO "D80"]
[WhiteElo "1580"]
[BlackElo "1627"]
[Annotator "NA RC"]
[PlyCount "60"]
[EventDate "2024.03.10"]
[EventType "swiss"]
[EventCountry "CZE"]
[SourceTitle "playchess.com"]
[Source "ChessBase"]
[SourceQuality "1"]
[TimeControl "40/5400+30:1800+30"]

1. d4 Nf6 2. c4 g6 3. Nc3 d5 4. Bg5 Ne4 5. Nxe4 dxe4 6. e3 c5 7. d5 Bg7 8. Qd2 O-O 9. Ne2 Nd7 10. Nc3 f5 11. d6 Bf6 12. dxe7 Bxe7 13. Bxe7 Qxe7 14. Nd5 Qf7 15. Be2 Ne5 16. b3 Be6 17. Qc3 Nc6 18. O-O Rad8 19. Rad1 b6 20. Nf4 Qe7 21. Nxe6 Qxe6 22. a3 Kf7 23. Rd5 Qf6 24. Qxf6+ Kxf6 25. Rfd1 Ke7 26. Kf1 Rf6 27. Ke1 Rfd6 28. Rxd6 Rxd6 29. Rxd6 Kxd6 30. Kd2 a6 1/2-1/2

[Event "Czech Youth U14 Girls 2024"]
[Site "Kouty nad Desnou"]
[Date "2024.03.14"]
[Round "7.7"]
[White "Kavanova, Valentyna"]
[Black "Hladka, Leontyna"]
[Result "0-1"]
[ECO "B52"]
[WhiteElo "1539"]
[BlackElo "1683"]
[Annotator "NA RC"]
[PlyCount "80"]
[EventDate "2024.03.10"]
[EventType "swiss"]
[EventCountry "CZE"]
[SourceTitle "playchess.com"]
[Source "ChessBase"]
[SourceQuality "1"]
[TimeControl "40/5400+30:1800+30"]

1. e4 c5 2. Nf3 d6 3. Bb5+ Bd7 4. Bxd7+ Qxd7 5. c4 Nc6 6. d4 cxd4 7. Nxd4 Nf6 8. Nc3 e6 9. f3 Be7 10. O-O O-O 11. Be3 Rac8 12. b3 a6 13. a4 Rfd8 14. Qd2 d5 15. Rfd1 dxc4 16. bxc4 Nxd4 17. Qxd4 Qxd4 18. Rxd4 Rxd4 19. Bxd4 Rxc4 20. Be5 Nd7 21. Bf4 Rxc3 22. Rb1 Nc5 23. a5 Kf8 24. Kf2 Rb3 25. Rd1 Nd3+ 26. Kg3 Nxf4 27. Kxf4 Ke8 28. h3 Ra3 29. Rb1 Rxa5 30. Rxb7 Ra2 31. g4 a5 32. Ra7 a4 33. Ra8+ Bd8 34. h4 a3 35. h5 Ra1 36. e5 Kd7 37. Ra7+ Bc7 38. Kg5 a2 39. h6 gxh6+ 40. Kf4 Kc6 0-1

[Event "Czech Youth U14 Girls 2024"]
[Site "Kouty nad Desnou"]
[Date "2024.03.14"]
[Round "7.8"]
[White "Mojzisova, Barbora"]
[Black "Martinkovicova, Nela"]
[Result "1/2-1/2"]
[ECO "C42"]
[WhiteElo "1623"]
[BlackElo "1476"]
[Annotator "NA RC"]
[PlyCount "83"]
[EventDate "2024.03.10"]
[EventType "swiss"]
[EventCountry "CZE"]
[SourceTitle "playchess.com"]
[Source "ChessBase"]
[SourceQuality "1"]
[TimeControl "40/5400+30:1800+30"]

1. e4 e5 2. Nf3 Nf6 3. Nc3 Bb4 4. Bc4 O-O 5. d3 d5 6. exd5 Nxd5 7. Bd2 Nxc3 8. bxc3 Bd6 9. O-O Bg4 10. h3 Bh5 11. Rb1 b6 12. Re1 Nd7 13. Bb3 Re8 14. g4 Bg6 15. Bg5 Qc8 16. Nh4 Nc5 17. Nxg6 hxg6 18. Qf3 Nxb3 19. cxb3 f6 20. Bh4 Bc5 21. b4 Bd6 22. Qd5+ Qe6 23. Qxe6+ Rxe6 24. d4 Rae8 25. d5 R6e7 26. b5 e4 27. Bg3 e3 28. Bxd6 exf2+ 29. Kxf2 Rxe1 30. Rxe1 Rxe1 31. Kxe1 cxd6 32. Ke2 Kf7 33. Ke3 g5 34. Ke4 g6 35. a4 Ke7 36. c4 Kd7 37. Kf3 Ke7 38. Ke4 Kd7 39. Kf3 Ke7 40. Kg3 Kf7 41. Kf3 Ke7 42. Ke4 1/2-1/2

[Event "Czech Youth U14 Girls 2024"]
[Site "Kouty nad Desnou"]
[Date "2024.03.14"]
[Round "7.9"]
[White "Strazhnyk, Viktoriia"]
[Black "Krisicova, Neli"]
[Result "1/2-1/2"]
[ECO "C55"]
[WhiteElo "1570"]
[BlackElo "1556"]
[Annotator "NA RC"]
[PlyCount "165"]
[EventDate "2024.03.10"]
[EventType "swiss"]
[EventCountry "CZE"]
[SourceTitle "playchess.com"]
[Source "ChessBase"]
[SourceQuality "1"]
[TimeControl "40/5400+30:1800+30"]

1. e4 e5 2. Nf3 Nc6 3. d4 exd4 4. Bc4 Nf6 5. O-O d6 6. h3 Be7 7. Re1 O-O 8. Nxd4 Bd7 9. Nc3 h6 10. Be3 Nxd4 11. Bxd4 Re8 12. Qd2 Bc6 13. Nd5 Nxd5 14. exd5 Bd7 15. Qc3 Bf8 16. Bd3 Qc8 17. Rxe8 Bxe8 18. Re1 Qd8 19. Re3 g6 20. Bf6 Qd7 21. Rg3 Rc8 22. Qb4 c6 23. Qf4 Kh7 24. dxc6 Rxc6 25. Bb5 a6 26. Bxc6 Qxc6 27. Rc3 Qd7 28. Bd4 Bg7 29. Bxg7 Kxg7 30. Qd4+ Kg8 31. Rd3 Qe6 32. Qxd6 Qe1+ 33. Kh2 Qxf2 34. Rd2 Qe3 35. Qd4 Qe6 36. a3 Bc6 37. Rf2 h5 38. Qf4 Qd5 39. Rd2 Qe6 40. Rd8+ Kh7 41. Qb8 Kg7 42. Qd6 Qe2 43. Qd2 Qe5+ 44. Kg1 Qe6 45. Qd4+ f6 46. Rd6 Qf5 47. Qd2 Qc5+ 48. Kh1 Qf5 49. Qd3 Qe5 50. Qd4 Qg5 51. Qd2 Qg3 52. Rd3 Qc7 53. Qe3 Qf7 54. Rd1 Qc7 55. Re1 Kf7 56. Qe6+ Kg7 57. Qe7+ Qxe7 58. Rxe7+ Kf8 59. Re2 f5 60. Kg1 Kf7 61. Kf2 Kf6 62. h4 Be4 63. g3 Bc6 64. Ke3 Ke5 65. Kd2+ Kd5 66. Kc3 Kd6 67. Kb4 Be4 68. Kc4 Bc6 69. Kd4 Bd5 70. c4 Bc6 71. c5+ Kd7 72. Ke5 Ke7 73. Rd2 Be4 74. Rd6 Kf7 75. Rd7+ Ke8 76. Rg7 Bf3 77. Rxg6 Bg4 78. Rb6 Kd7 79. Rxb7+ Kc6 80. Rb6+ Kxc5 81. Rxa6 Kb5 82. Rg6 Ka4 83. Rxg4+ 1/2-1/2

[Event "Czech Youth U14 Girls 2024"]
[Site "Kouty nad Desnou"]
[Date "2024.03.14"]
[Round "7.10"]
[White "Archlebova, Iva"]
[Black "Archlebova, Eva"]
[Result "1/2-1/2"]
[ECO "C49"]
[WhiteElo "1488"]
[BlackElo "1438"]
[Annotator "NA RC"]
[PlyCount "83"]
[EventDate "2024.03.10"]
[EventType "swiss"]
[EventCountry "CZE"]
[SourceTitle "playchess.com"]
[Source "ChessBase"]
[SourceQuality "1"]
[TimeControl "40/5400+30:1800+30"]

1. e4 e5 2. Nf3 Nc6 3. Nc3 Nf6 4. Bb5 Bb4 5. d3 d6 6. Be3 O-O 7. O-O Bg4 8. Bxc6 bxc6 9. Qe2 Bxc3 10. bxc3 Qe7 11. Rab1 a6 12. h3 Bxf3 13. Qxf3 Rab8 14. Rxb8 Rxb8 15. Qe2 d5 16. Bg5 h6 17. Bxf6 Qxf6 18. Rd1 Rd8 19. Rd2 Qf4 20. g3 Qf6 21. Rd1 dxe4 22. dxe4 Rxd1+ 23. Qxd1 Qe6 24. Qd8+ Kh7 25. Qxc7 Qxa2 26. Qxc6 Qxc2 27. Qxa6 Qxe4 28. Qd6 Qf5 29. c4 Qxh3 30. Qxe5 Kh8 31. Qe8+ Kh7 32. c5 Qf5 33. Qf8 Qc2 34. Qxf7 Qxc5 35. Qf3 Qd6 36. Qf4 Qxf4 37. gxf4 g5 38. fxg5 hxg5 39. Kg2 Kg6 40. Kg3 Kf6 41. f4 gxf4+ 42. Kxf4 1/2-1/2

[Event "Czech Youth U14 Girls 2024"]
[Site "Kouty nad Desnou"]
[Date "2024.03.14"]
[Round "7.11"]
[White "Spetlova, Stella"]
[Black "Peskova, Sara"]
[Result "1/2-1/2"]
[ECO "C44"]
[WhiteElo "1405"]
[BlackElo "1481"]
[Annotator "NA RC"]
[PlyCount "82"]
[EventDate "2024.03.10"]
[EventType "swiss"]
[EventCountry "CZE"]
[SourceTitle "playchess.com"]
[Source "ChessBase"]
[SourceQuality "1"]
[TimeControl "40/5400+30:1800+30"]

1. e4 e5 2. Nf3 Nc6 3. d4 exd4 4. Nxd4 Nf6 5. Nc3 Bb4 6. Nxc6 bxc6 7. Bd3 O-O 8. Bg5 d5 9. exd5 cxd5 10. O-O c6 11. a3 Be7 12. Re1 Bg4 13. Be2 Bf5 14. Bf3 Re8 15. Qd2 Nd7 16. Be3 Ne5 17. Be2 Bf6 18. Bd4 Ng6 19. Bxf6 Qxf6 20. Bd3 Qd4 21. Ne2 Qf6 22. Bxf5 Qxf5 23. Ng3 Qf6 24. c3 Ne5 25. Qd4 h6 26. h3 Nd7 27. Qxf6 Nxf6 28. b4 Re6 29. Rxe6 fxe6 30. f3 a5 31. Rc1 Kf7 32. Kf2 Ke7 33. Ne2 Kd6 34. Nd4 Nh5 35. g3 g6 36. Re1 e5 37. Nxc6 Kxc6 38. Rxe5 Kd6 39. Re2 axb4 40. axb4 Ra3 41. Rc2 Ke5 1/2-1/2

[Event "Czech Youth U14 Girls 2024"]
[Site "Kouty nad Desnou"]
[Date "2024.03.14"]
[Round "7.12"]
[White "Sochorova, Valentyna"]
[Black "Pruskova, Justyna"]
[Result "1-0"]
[ECO "C55"]
[WhiteElo "1485"]
[BlackElo "1471"]
[Annotator "NA RC"]
[PlyCount "63"]
[EventDate "2024.03.10"]
[EventType "swiss"]
[EventCountry "CZE"]
[SourceTitle "playchess.com"]
[Source "ChessBase"]
[SourceQuality "1"]
[TimeControl "40/5400+30:1800+30"]

1. e4 e5 2. Nf3 Nc6 3. d4 exd4 4. Bc4 Nf6 5. O-O Bc5 6. e5 d5 7. exf6 dxc4 8. fxg7 Rg8 9. Bg5 Qd5 10. Nc3 Qf5 11. Re1+ Be6 12. Ne4 Be7 13. Nh4 Qd5 14. Nf6+ Bxf6 15. Bxf6 Ne7 16. Re5 Qd6 17. Qh5 O-O-O 18. Qxh7 Rde8 19. Rae1 d3 20. Bxe7 Qxe7 21. cxd3 cxd3 22. Nf3 Qf6 23. Qxd3 Qxg7 24. g3 Qf6 25. Qe3 b6 26. Qa3 Kb7 27. Qd3 Rd8 28. Qe4+ Kb8 29. Nd4 Bxa2 30. Nc6+ Ka8 31. Nxd8+ Kb8 32. Qb7# 1-0

[Event "Czech Youth U14 Girls 2024"]
[Site "Kouty nad Desnou"]
[Date "2024.03.14"]
[Round "7.13"]
[White "Vaclavkova, Klara"]
[Black "Myronova, Sofia"]
[Result "0-1"]
[ECO "D50"]
[WhiteElo "1486"]
[BlackElo "1456"]
[Annotator "NA RC"]
[PlyCount "100"]
[EventDate "2024.03.10"]
[EventType "swiss"]
[EventCountry "CZE"]
[SourceTitle "playchess.com"]
[Source "ChessBase"]
[SourceQuality "1"]
[TimeControl "40/5400+30:1800+30"]

1. d4 d5 2. c4 e6 3. Nc3 Nf6 4. Bg5 c6 5. e3 dxc4 6. Bxc4 b5 7. Bd3 Bb7 8. Nf3 Nbd7 9. e4 Be7 10. O-O a6 11. e5 Nd5 12. Bxe7 Nxe7 13. Ng5 Nf5 14. Qg4 g6 15. Bxf5 exf5 16. Qf4 O-O 17. Ne2 Re8 18. Ng3 h6 19. Nf3 Kh7 20. h4 Nb6 21. h5 Nd5 22. hxg6+ fxg6 23. Qd2 Bc8 24. Kh2 Rh8 25. Rh1 Qe8 26. Kg1 Kg7 27. Re1 Be6 28. Ne2 Qf7 29. Nc3 a5 30. Nxd5 Bxd5 31. a3 a4 32. Qc3 Qe6 33. Qc5 Rhd8 34. Qc1 Rh8 35. Rh3 Bxf3 36. Rxf3 Rhf8 37. Rd3 Rad8 38. Re2 Rf7 39. Rc2 Rc7 40. Qd2 Rd5 41. Qa5 Rdd7 42. f4 Qa2 43. Rdd2 Qf7 44. Qb6 Qe7 45. Rxc6 Rxc6 46. Qxc6 Rc7 47. Qf3 Rc1+ 48. Kh2 Qh4+ 49. Qh3 Qxf4+ 50. Qg3 Qxd2 0-1

[Event "Czech Youth U14 Girls 2024"]
[Site "Kouty nad Desnou"]
[Date "2024.03.15"]
[Round "8.1"]
[White "Kammova, Katerina"]
[Black "Horkova, Tereza"]
[Result "1-0"]
[ECO "B40"]
[WhiteElo "1781"]
[BlackElo "1845"]
[Annotator "NA COMBH"]
[PlyCount "81"]
[EventDate "2024.03.10"]
[EventType "swiss"]
[EventCountry "CZE"]
[SourceTitle "playchess.com"]
[Source "ChessBase"]
[SourceQuality "1"]
[TimeControl "40/5400+30:1800+30"]

1. e4 c5 2. Nf3 e6 3. d4 cxd4 4. Nxd4 Nf6 5. Nc3 Nc6 6. Nxc6 bxc6 7. e5 Nd5 8. Ne4 Qc7 9. f4 Qb6 10. c4 Ne3 11. Qd3 Bb4+ 12. Bd2 O-O 13. Rc1 Nxf1 14. Rxf1 Rb8 15. b3 Bxd2+ 16. Qxd2 Qb4 17. Qxb4 Rxb4 18. Rd1 a5 19. Nc5 Rd8 20. Kd2 Kf8 21. Kc3 Ke7 22. Rd6 Rb8 23. Rfd1 Ra8 24. R1d3 Ra7 25. Rg3 Rg8 26. Ne4 h6 27. Nf6 Kf8 28. Nxg8 Kxg8 29. Rgd3 Kh7 30. g4 Kg6 31. h4 Kh7 32. h5 Kg8 33. f5 Kf8 34. f6 gxf6 35. exf6 Kg8 36. Rg3 Kh7 37. g5 hxg5 38. Rxg5 Kh6 39. Rg7 Kxh5 40. Rd2 Kh6 41. Rh2# 1-0

[Event "Czech Youth U14 Girls 2024"]
[Site "Kouty nad Desnou"]
[Date "2024.03.15"]
[Round "8.2"]
[White "Barteckova, Nikol"]
[Black "Slivova, Linda"]
[Result "0-1"]
[ECO "B01"]
[WhiteElo "1612"]
[BlackElo "1824"]
[Annotator "NA COMBH"]
[PlyCount "86"]
[EventDate "2024.03.10"]
[EventType "swiss"]
[EventCountry "CZE"]
[SourceTitle "playchess.com"]
[Source "ChessBase"]
[SourceQuality "1"]
[TimeControl "40/5400+30:1800+30"]

1. e4 d5 2. exd5 Qxd5 3. Nc3 Qd6 4. d4 Nf6 5. h3 c6 6. Nf3 Bf5 7. Bc4 e6 8. O-O Nbd7 9. Re1 Be7 10. Bd2 O-O 11. Qc1 Nb6 12. Bb3 Nbd5 13. Nh4 Bg6 14. Nxg6 hxg6 15. Nxd5 cxd5 16. c3 b5 17. a3 a5 18. Bf4 Qb6 19. Qe3 b4 20. Reb1 Rfc8 21. f3 Bd6 22. Bxd6 Qxd6 23. axb4 axb4 24. Qe1 Rxa1 25. Rxa1 bxc3 26. bxc3 Qb6 27. Ra3 Ne8 28. Qa1 Nc7 29. Bc2 Nb5 30. Ra8 Qb7 31. Rxc8+ Qxc8 32. Kf2 Qxc3 33. Qxc3 Nxc3 34. Ke3 Nb5 35. h4 Kf8 36. f4 Ke7 37. Ba4 Nd6 38. Bb3 Nf5+ 39. Kd3 Nxh4 40. g4 Ng2 41. Bc2 Nxf4+ 42. Ke3 g5 43. Kf3 Kd6 0-1

[Event "Czech Youth U14 Girls 2024"]
[Site "Kouty nad Desnou"]
[Date "2024.03.15"]
[Round "8.3"]
[White "Kozusnikova, Daniela"]
[Black "Kubatova, Beta"]
[Result "1/2-1/2"]
[ECO "B13"]
[WhiteElo "1809"]
[BlackElo "1666"]
[Annotator "NA COMBH"]
[PlyCount "82"]
[EventDate "2024.03.10"]
[EventType "swiss"]
[EventCountry "CZE"]
[SourceTitle "playchess.com"]
[Source "ChessBase"]
[SourceQuality "1"]
[TimeControl "40/5400+30:1800+30"]

1. e4 c6 2. d4 d5 3. exd5 cxd5 4. Bd3 Nc6 5. c3 Nf6 6. h3 e5 7. dxe5 Nxe5 8. Nf3 Nc6 9. O-O Be7 10. Re1 O-O 11. Be3 Qc7 12. Nbd2 Bd7 13. Nb3 Rfe8 14. Nbd4 a6 15. a4 Rad8 16. Bc2 Na5 17. Qd3 Nc4 18. Rab1 Nxe3 19. Rxe3 g6 20. Rbe1 Bf8 21. Ne5 Bg7 22. Nxd7 Qxd7 23. Rxe8+ Rxe8 24. Rd1 Qc7 25. Bb3 Rd8 26. Nc2 a5 27. Ne3 d4 28. cxd4 Ne8 29. Qd2 Rxd4 30. Qe2 Rxd1+ 31. Nxd1 Qe5 32. Qxe5 Bxe5 33. Bd5 Nd6 34. b3 b5 35. axb5 Nxb5 36. Ne3 Nc3 37. Bc4 Bd6 38. Kf1 a4 39. bxa4 Nxa4 40. Ke2 Nc5 41. f3 Kg7 1/2-1/2

[Event "Czech Youth U14 Girls 2024"]
[Site "Kouty nad Desnou"]
[Date "2024.03.15"]
[Round "8.4"]
[White "Nova, Doubravka Anezka"]
[Black "Bartova, Hana"]
[Result "1/2-1/2"]
[ECO "C55"]
[WhiteElo "1718"]
[BlackElo "1667"]
[Annotator "NA COMBH"]
[PlyCount "134"]
[EventDate "2024.03.10"]
[EventType "swiss"]
[EventCountry "CZE"]
[SourceTitle "playchess.com"]
[Source "ChessBase"]
[SourceQuality "1"]
[TimeControl "40/5400+30:1800+30"]

1. e4 e5 2. Bc4 Nf6 3. d4 exd4 4. Nf3 Nc6 5. e5 d5 6. Bb5 Ne4 7. Nxd4 Bd7 8. Bxc6 bxc6 9. O-O Bc5 10. f3 Ng5 11. f4 Ne4 12. Be3 Qb8 13. Qc1 O-O 14. c3 Bb6 15. Nd2 Nxd2 16. Qxd2 c5 17. Nb3 c4 18. Nd4 Bxd4 19. Bxd4 Bf5 20. Qf2 a5 21. Rad1 Ra6 22. h3 Rg6 23. Kh2 h5 24. Rg1 Qc8 25. Qh4 Qe6 26. Rd2 Rh6 27. Rgd1 Be4 28. Be3 Qf5 29. Rf2 Re8 30. Bd4 Kh7 31. Re1 Bb1 32. Rf3 Rb8 33. Qf2 a4 34. a3 Be4 35. Rg3 Rg6 36. Rxg6 Qxg6 37. Re3 f6 38. Rg3 Qf5 39. Re3 Rb5 40. Re2 c5 41. Bxc5 fxe5 42. Bd6 exf4 43. Qxf4 Qxf4+ 44. Bxf4 Kg6 45. Be5 Rb7 46. Rf2 Re7 47. Bd4 Kg5 48. Be3+ Kg6 49. Bd4 Re6 50. Kg3 Bd3 51. Bc5 Kg5 52. h4+ Kh6 53. Bd4 Kg6 54. Bc5 Re4 55. Rf4 Re2 56. Rf2 Re4 57. Rf4 Re6 58. Rf2 Kh6 59. Bd4 Rg6+ 60. Kh3 Re6 61. Kg3 Kg6 62. Bc5 Rc6 63. Bd4 Kh6 64. Be3+ Kh7 65. Bd4 Re6 66. Rf7 Rg6+ 67. Kh3 Be4 1/2-1/2

[Event "Czech Youth U14 Girls 2024"]
[Site "Kouty nad Desnou"]
[Date "2024.03.15"]
[Round "8.5"]
[White "Hladka, Leontyna"]
[Black "Kubatova, Ema"]
[Result "1/2-1/2"]
[ECO "B10"]
[WhiteElo "1683"]
[BlackElo "1580"]
[Annotator "NA COMBH"]
[PlyCount "87"]
[EventDate "2024.03.10"]
[EventType "swiss"]
[EventCountry "CZE"]
[SourceTitle "playchess.com"]
[Source "ChessBase"]
[SourceQuality "1"]
[TimeControl "40/5400+30:1800+30"]

1. e4 c6 2. Nc3 d5 3. Nf3 Nf6 4. exd5 cxd5 5. Bb5+ Bd7 6. Bxd7+ Nbxd7 7. d4 e6 8. O-O a6 9. a4 Bd6 10. Bg5 O-O 11. Re1 Be7 12. Bf4 Rc8 13. Ne2 Ne4 14. Ng3 f5 15. Ne5 Nxe5 16. Bxe5 Bf6 17. Nxe4 fxe4 18. Bxf6 Qxf6 19. Qd2 Rc4 20. c3 Rc7 21. Rf1 Rcf7 22. Rac1 Rc8 23. Qe3 Qg6 24. Kh1 Qg4 25. h3 Qg6 26. Rfe1 Rcf8 27. Rf1 Rf5 28. c4 Rh5 29. Kh2 h6 30. c5 Qg4 31. Qg3 Qxg3+ 32. Kxg3 Rc8 33. Kf4 Rf5+ 34. Ke3 Kf7 35. Rc3 Ke7 36. Rb3 Rc7 37. f3 exf3 38. Rxf3 Rxf3+ 39. Kxf3 Kd7 40. Kf4 Kc8 41. Rb6 Rc6 42. Rxc6+ bxc6 43. a5 Kd7 44. h4 1/2-1/2

[Event "Czech Youth U14 Girls 2024"]
[Site "Kouty nad Desnou"]
[Date "2024.03.15"]
[Round "8.6"]
[White "Bouchalova, Kveta"]
[Black "Strazhnyk, Viktoriia"]
[Result "1/2-1/2"]
[ECO "C11"]
[WhiteElo "1627"]
[BlackElo "1570"]
[Annotator "NA COMBH"]
[PlyCount "96"]
[EventDate "2024.03.10"]
[EventType "swiss"]
[EventCountry "CZE"]
[SourceTitle "playchess.com"]
[Source "ChessBase"]
[SourceQuality "1"]
[TimeControl "40/5400+30:1800+30"]

1. e4 e6 2. d4 d5 3. Nc3 Nf6 4. e5 Nfd7 5. f4 c5 6. Nf3 Nc6 7. Be3 a6 8. a3 cxd4 9. Nxd4 Nxd4 10. Bxd4 b5 11. Be2 Bb7 12. Qd2 Rc8 13. O-O Bc5 14. Bxc5 Nxc5 15. Rad1 O-O 16. Bg4 Qb6 17. Kh1 Qc6 18. Bf3 a5 19. Ne2 Qc7 20. Nd4 Ba6 21. Rfe1 Na4 22. Rb1 Nc5 23. f5 Rfe8 24. f6 gxf6 25. exf6 Kh8 26. Qh6 Rg8 27. Bh5 Ne4 28. Re3 Qe5 29. Bxf7 Rg5 30. Qxh7+ Kxh7 31. Rh3+ Rh5 32. Rxh5+ Qxh5 33. Bxh5 Nxf6 34. Be2 e5 35. Bxb5 Bxb5 36. Nxb5 Rxc2 37. b4 axb4 38. axb4 d4 39. Na3 Re2 40. Nc4 d3 41. Kg1 Nd5 42. Kf1 Re4 43. Nd2 Rf4+ 44. Ke1 Nxb4 45. g3 Nc2+ 46. Kd1 Rf2 47. Rb3 Rf4 48. Rb1 Nb4 1/2-1/2

[Event "Czech Youth U14 Girls 2024"]
[Site "Kouty nad Desnou"]
[Date "2024.03.15"]
[Round "8.7"]
[White "Nguyen Nhat, Minh Thu"]
[Black "Barteckova, Valerie"]
[Result "1/2-1/2"]
[ECO "C01"]
[WhiteElo "1563"]
[BlackElo "1687"]
[Annotator "NA COMBH"]
[PlyCount "60"]
[EventDate "2024.03.10"]
[EventType "swiss"]
[EventCountry "CZE"]
[SourceTitle "playchess.com"]
[Source "ChessBase"]
[SourceQuality "1"]
[TimeControl "40/5400+30:1800+30"]

1. e4 e6 2. d4 d5 3. exd5 exd5 4. Bd3 Nf6 5. Nf3 Bg4 6. O-O Be7 7. Re1 O-O 8. Bg5 Nc6 9. c3 Qd7 10. Nbd2 h6 11. Bh4 Rfe8 12. Qc2 Be6 13. Re2 a6 14. a4 Bg4 15. b4 Be6 16. Rae1 Kh8 17. Kh1 Kg8 18. b5 axb5 19. Bxb5 Qd8 20. Ne5 Bd7 21. Bxf6 Bxf6 22. Nxd7 Qxd7 23. Bxc6 Qxc6 24. Rxe8+ Rxe8 25. Rxe8+ Qxe8 26. Qd1 Qc6 27. Nb1 Qe8 28. g3 Bg5 29. Kg1 Qe6 30. Nd2 Bxd2 1/2-1/2

[Event "Czech Youth U14 Girls 2024"]
[Site "Kouty nad Desnou"]
[Date "2024.03.15"]
[Round "8.8"]
[White "Archlebova, Eva"]
[Black "Mojzisova, Barbora"]
[Result "0-1"]
[ECO "C50"]
[WhiteElo "1438"]
[BlackElo "1623"]
[Annotator "NA COMBH"]
[PlyCount "52"]
[EventDate "2024.03.10"]
[EventType "swiss"]
[EventCountry "CZE"]
[SourceTitle "playchess.com"]
[Source "ChessBase"]
[SourceQuality "1"]
[TimeControl "40/5400+30:1800+30"]

1. e4 e5 2. Nf3 Nc6 3. Bc4 Bc5 4. d3 Nf6 5. Nc3 h6 6. O-O d6 7. h3 Be6 8. Bb3 Qd7 9. Bxe6 fxe6 10. Bd2 O-O-O 11. a3 g5 12. g4 h5 13. Nh2 hxg4 14. Nxg4 Nxg4 15. Qxg4 Rh4 16. Qd1 Rxh3 17. Be3 Qh7 18. Qg4 Rf8 19. Kg2 Rh2+ 20. Kg3 Rh4 21. Qxe6+ Kb8 22. Nd5 Nd8 23. Qe7 Rh3+ 24. Kg2 Rh2+ 25. Kg1 Rh1+ 26. Kg2 Qh3# 0-1

[Event "Czech Youth U14 Girls 2024"]
[Site "Kouty nad Desnou"]
[Date "2024.03.15"]
[Round "8.9"]
[White "Martinkovicova, Nela"]
[Black "Archlebova, Iva"]
[Result "1-0"]
[ECO "D30"]
[WhiteElo "1476"]
[BlackElo "1488"]
[Annotator "NA COMBH"]
[PlyCount "51"]
[EventDate "2024.03.10"]
[EventType "swiss"]
[EventCountry "CZE"]
[SourceTitle "playchess.com"]
[Source "ChessBase"]
[SourceQuality "1"]
[TimeControl "40/5400+30:1800+30"]

1. d4 d5 2. c4 e6 3. Bf4 Nf6 4. e3 c5 5. cxd5 Nxd5 6. Bg3 cxd4 7. Qxd4 Nc6 8. Bb5 Bd7 9. Bxc6 Bxc6 10. Nf3 Nb4 11. Qxd8+ Rxd8 12. Na3 Be7 13. O-O O-O 14. Ne5 Bf6 15. Nxc6 Nxc6 16. Rfb1 Nb4 17. Kf1 Rd7 18. Rd1 Rfd8 19. Rxd7 Rxd7 20. Nc4 Nc6 21. Rb1 a6 22. b3 h6 23. Ke2 Bc3 24. Rc1 Bf6 25. Nb6 Re7 26. Rd1 1-0

[Event "Czech Youth U14 Girls 2024"]
[Site "Kouty nad Desnou"]
[Date "2024.03.15"]
[Round "8.10"]
[White "Myronova, Sofia"]
[Black "Sochorova, Valentyna"]
[Result "0-1"]
[ECO "B01"]
[WhiteElo "1456"]
[BlackElo "1485"]
[Annotator "NA COMBH"]
[PlyCount "40"]
[EventDate "2024.03.10"]
[EventType "swiss"]
[EventCountry "CZE"]
[SourceTitle "playchess.com"]
[Source "ChessBase"]
[SourceQuality "1"]
[TimeControl "40/5400+30:1800+30"]

1. e4 d5 2. exd5 Qxd5 3. Nc3 Qa5 4. Nf3 Nf6 5. Bc4 Nc6 6. h3 Qh5 7. Be2 Bg4 8. Nh2 Bxe2 9. Qxe2 Qg6 10. d3 Nd4 11. Qf1 Nxc2+ 12. Kd1 Nxa1 13. Be3 O-O-O 14. Kd2 Ne4+ 15. Nxe4 Qxe4 16. f3 Qb4+ 17. Kc1 Qa4 18. Qe2 Qxa2 19. Rg1 Nb3+ 20. Kd1 Qb1+ 0-1

[Event "Czech Youth U14 Girls 2024"]
[Site "Kouty nad Desnou"]
[Date "2024.03.15"]
[Round "8.11"]
[White "Spetlova, Stella"]
[Black "Kratka, Tereza"]
[Result "1-0"]
[ECO "D10"]
[WhiteElo "1405"]
[BlackElo "1477"]
[Annotator "NA COMBH"]
[PlyCount "57"]
[EventDate "2024.03.10"]
[EventType "swiss"]
[EventCountry "CZE"]
[SourceTitle "playchess.com"]
[Source "ChessBase"]
[SourceQuality "1"]
[TimeControl "40/5400+30:1800+30"]

1. d4 d5 2. c4 c6 3. Nc3 g6 4. cxd5 cxd5 5. Bg5 Bg7 6. e3 Nf6 7. Bd3 O-O 8. Qc2 a6 9. Nf3 b5 10. a3 Bb7 11. O-O Nbd7 12. Rac1 Rc8 13. Qe2 Re8 14. Rfe1 Nb6 15. b3 Qd7 16. Qb2 h5 17. Ne5 Qe6 18. Bf4 Nfd7 19. Nxd7 Qxd7 20. h3 Ra8 21. Rc2 Bf8 22. Rec1 Rec8 23. Ne2 e6 24. Rc7 Rxc7 25. Rxc7 Qd8 26. Rxb7 Bd6 27. Bxd6 Qxd6 28. Qc2 Rc8 29. Rxb6 1-0